 Dungeon Crawl Stone Soup version 0.20.0-15-g7f486f2 (webtiles) character file.

151 Jannitor the Charmwright (level 5, -2/41 HPs)
             Began as a Mummy Skald on June 25, 2017.
             Slain by an orc
             ... wielding a +4 dagger
              (4 damage)
             ... on level 3 of the Dungeon.
             The game lasted 00:03:51 (2640 turns).

Jannitor the Charmwright (Mummy Skald)              Turns: 2640, Time: 00:03:52

Health: -2/41      AC:  3    Str: 14    XL:     5   Next: 11%
Magic:  5/9        EV: 11    Int: 20    God:
Gold:   107        SH:  0    Dex: 11    Spells: 1/9 levels left

rFire    . . .     SeeInvis .   a - +0 falchion
rCold    . . .     Gourm    .   (no shield)
rNeg     + + +     Faith    .   b - +0 leather armour
rPois    ∞         Spirit   .   (no helmet)
rElec    .         Reflect  .   (no cloak)
rCorr    .         Harm     .   (no gloves)
MR       .....                  (no boots)
Stlth    +.........             (no amulet)
Regen    0.2/turn               j - +6 ring of intelligence
MPRegen  0.2/turn               i - ring of fire

@: infused, singing
A: no food or potions, fire vulnerability, cold resistance 1, negative energy
resistance 3, torment resistance, unbreathing
a: no special abilities


You were on level 3 of the Dungeon.
You were not hungry.

You visited 1 branch of the dungeon, and saw 3 of its levels.

You collected 107 gold pieces.

Inventory:

Hand Weapons
 a - a +0 falchion (weapon)
Armour
 b - a +0 leather armour (worn)
Jewellery
 i - a ring of fire (right hand)
 j - a +6 ring of intelligence (left hand)
 l - an uncursed amulet of the gourmand {unknown}
Scrolls
 d - 3 scrolls of identify {unknown}
 e - 2 scrolls of amnesia {unknown}
 f - a scroll of random uselessness {unknown}
 g - 3 scrolls of fear {unknown}
 h - a scroll of remove curse {unknown}
 k - a scroll of teleportation {unknown}
Books
 c - a book of Battle

   Spells                             Type                      Level
   a - Infusion                       Charms                       1
   b - Shroud of Golubria             Charms/Translocation         2
   c - Song of Slaying                Charms                       2
   d - Spectral Weapon                Hexes/Charms                 3
   e - Regeneration                   Charms/Necromancy            3


   Skills:
 + Level 3.1 Fighting
 + Level 3.0 Long Blades
 - Level 0.7 Armour
 - Level 1.5 Dodging
 - Level 2.6 Spellcasting
 + Level 3.4 Charms


You had one spell level left.
You knew the following spells:

 Your Spells              Type           Power        Failure   Level  Hunger
a - Infusion              Chrm           ###.         4%          1    N/A
b - Song of Slaying       Chrm           ###.....     7%          2    N/A
c - Shroud of Golubria    Chrm/Tloc      #.........   14%         2    N/A
d - Spectral Weapon       Hex/Chrm       #.......     28%         3    N/A

Dungeon Overview and Level Annotations

Branches:
Dungeon (3/15)

Altars:
Beogh


Innate Abilities, Weirdness & Mutations

You do not eat or drink.
Your flesh is vulnerable to fire.
You are immune to poison.
Your flesh is cold resistant. (rC+)
You are immune to negative energy. (rN+++)
You are immune to unholy pain and torment.
You can survive without breathing.


Message History

The orc wizard flickers and vanishes!
Deactivating autopickup; reactivate with Ctrl-A.
The orc priest barely misses you. The orc closely misses you.
You miss something.
You hear some strange, mumbled words.
A puff of flame appears from out of thin air!
The puff of flame hits you!
* * * LOW HITPOINT WARNING * * *
The orc priest hits you but does no damage.
The orc misses you.
You miss something. Something hits you but does no damage.
The orc priest hits you with a dagger of draining.
* * * LOW HITPOINT WARNING * * *
The orc hits you with an enchanted dagger.
* * * LOW HITPOINT WARNING * * *
Unknown command.
You miss something. Something hits you but does no damage.
The orc priest misses you.
The orc hits you with an enchanted dagger.
You die...

######## #......#
#######......#
#..o{.........
#..o@........##.
##'##........#.
#...##..####...
#.8o8.#...###... .
#$.o.$#......... .#
#$8$8.#...#.#......
.. ##$_$##...#.#
..##...
#####......###.......
#............#....


You could see an orc priest and an orc.

Vanquished Creatures
  3 gnolls (D:3)
  5 adders (D:2)
  3 oozes
  4 worms
  2 dart slugs (D:1)
  2 leopard geckos (D:3)
  An orc (D:3)
  2 giant cockroaches (D:1)
  3 goblins (D:2)
  4 hobgoblins
  5 kobolds
  2 quokkas (D:3)
  4 bats
  6 frilled lizards
  9 rats
55 creatures vanquished.

Notes
Turn   | Place    | Note
-------+----------+-------------------------------------------
     0 | D:1      | Jannitor the Mummy Skald began the quest for the Orb.
     0 | D:1      | Reached XP level 1. HP: 16/16 MP: 4/4
   266 | D:1      | Reached XP level 2. HP: 22/22 MP: 0/5
   346 | D:1      | Learned a level 2 spell: Song of Slaying
   734 | D:2      | Reached XP level 3. HP: 20/28 MP: 7/7
  1571 | D:2      | Learned a level 2 spell: Shroud of Golubria
  1577 | D:2      | Reached XP level 4. HP: 23/34 MP: 1/8
  1912 | D:2      | Learned a level 3 spell: Spectral Weapon
  2334 | D:3      | Reached XP level 5. HP: 35/41 MP: 0/9
  2625 | D:3      | Found a roughly hewn altar of Beogh.
  2639 | D:3      | HP: 2/41 [orc/enchanted dagger (2)]
  2640 | D:3      | Slain by an orc

Skill      XL: |  1  2  3  4 |
---------------+-------------+-----
Long Blades    | 2 3 |  3.0
Charms         | 3 |  3.4
Fighting       | 3 |  3.1
Armour         | |  0.7
Dodging        | |  1.5
Spellcasting   | |  2.6

Action                   |  1- 3 |  4- 6 || total
-------------------------+-------+-------++-------
Melee: Falchion          |    95 |    94 ||   189
 Cast: Infusion          |     5 |     5 ||    10
       Shroud of Golubri |     1 |     1 ||     2
       Song of Slaying   |       |     4 ||     4
Armor: Leather armour    |    31 |    20 ||    51
Dodge: Dodged            |    62 |    73 ||   135
       Rpst.: Falchion   |    14 |    20 ||    34
